 Dungeon Crawl Stone Soup version 0.32-a0-876-gcfddb08e57 (webtiles) character file.

Game seed: 4543742568480202088

56436 Autsider the Geomancer (level 14, -1/88 HPs)
             Began as a Gargoyle Earth Elementalist on Mar 31, 2024.
             Was an Initiate of Gozag.
             Incinerated by a smoke demon (12 damage)
             ... with a pyre arrow
             ... on level 5 of the Lair of Beasts.
             The game lasted 01:13:24 (18558 turns).

Autsider the Geomancer (GrEE)                      Turns: 18558, Time: 01:13:25

Health: -1/88      AC: 24    Str: 12    XL:     14   Next: 81%
Magic:  6/28       EV: 15    Int: 21    God:    Gozag
Gold:   4194       SH:  0    Dex: 10    Spells: 22/33 levels left

rFire   . . .        w - +1 demon whip (venom)
rCold   . . .        (no shield)
rNeg    + . .        F - +2 acid dragon scales
rPois   ∞            r - +0 helmet
rElec   +            Y - scarf {repulsion}
rCorr   +            G - +2 pair of gloves
SInv    .            (no boots)
Will    ++...        u - amulet of magic regeneration
Stlth   +            v - +5 ring of evasion
HPRegen 0.34/turn    i - ring "Ecseda Acze" {rElec Will+}
MPRegen 0.61/turn

%: repel missiles
@: on fire, gold aura, flying, glowing
A: sickness immunity, AC +10, big wings, negative energy resistance 1,
electricity resistance, torment resistance 1, petrification resistance
a: Renounce Religion, Potion Petition, Call Merchant, Bribe Branch


You were on level 5 of the Lair of Beasts.
You worshipped Gozag.
Gozag was most pleased with you.
You visited 3 branches of the dungeon, and saw 19 of its levels.

You collected 4940 gold pieces.
You spent 635 gold pieces at shops.
You paid 111 gold pieces to Gozag.

Inventory:

Hand Weapons
 w - a +1 demon whip of venom (weapon)
 M - the +2 short sword "Leathrec" {heavy, Int+3 SInv}
   (You found it on level 12 of the Dungeon)

   Int+3:     It affects your intelligence (+3).
   SInv:      It lets you see invisible.
Missiles
 f - 52 poisoned darts (quivered)
 s - 5 curare-tipped darts
 T - 2 atropa-tipped darts
 W - 2 throwing nets
Armour
 r - a +0 helmet (worn)
 F - +2 acid dragon scales (worn)
 G - a +2 pair of gloves (worn)
 H - a +2 robe of willpower
 P - a +0 tower shield
 X - the +2 robe "Pidaor" {rElec Will+ Dex+4}
   (You found it on level 1 of the Lair of Beasts)

   Dex+4:     It affects your dexterity (+4).
   rElec:     It insulates you from electricity.
   Will+:     It increases your willpower.
 Y - a scarf of repulsion (worn)
Jewellery
 i - the ring "Ecseda Acze" (right hand) {rElec Will+}
   (You acquired it on level 12 of the Dungeon)

   [ring of willpower]

   rElec:     It insulates you from electricity.
   Will+:     It increases your willpower.
 u - an amulet of magic regeneration (around neck)
 v - a +5 ring of evasion (left hand)
 O - an amulet of reflection
 U - an amulet of regeneration
Wands
 e - a wand of paralysis (30)
 p - a wand of warping (30)
 y - a wand of flame (14)
 K - a wand of polymorph (5)
Scrolls
 a - 2 scrolls of enchant armour
 c - 3 scrolls of blinking
 h - 2 scrolls of teleportation
 l - a scroll of poison
 m - 2 scrolls of revelation
 q - 6 scrolls of amnesia
 C - 3 scrolls of immolation
 L - 3 scrolls of identify
 N - 2 scrolls of silence
Potions
 b - 2 potions of magic
 d - 4 potions of curing
 g - 2 potions of mutation
 j - 3 potions of resistance
 k - a potion of attraction
 n - 2 potions of enlightenment
 o - a potion of heal wounds
 x - 4 potions of might
 z - 2 potions of haste
 B - 2 potions of cancellation
 J - a potion of lignification
 Q - a potion of ambrosia


   Skills:
 - Level 10.0 Fighting
 - Level 12.0 Maces & Flails
 - Level 5.0 Armour
 + Level 2.5 Dodging
 - Level 2.1 Stealth
 + Level 2.3 Shields
 + Level 10.2 Spellcasting
 - Level 10.0 Conjurations
 - Level 4.0 Necromancy
 - Level 4.0 Translocations
 - Level 4.0 Air Magic
 + Level 14.3 Earth Magic
 * Level 2.9 Evocations


You had 22 spell levels left.
You knew the following spells:

 Your Spells              Type           Power      Damage    Failure   Level
a - Sandblast             Erth           100%       2d20      1%          1
b - Stone Arrow           Conj/Erth      100%       3d13      1%          3
c - Borgnjor's Vile Clut  Necr/Erth      24%        N/A       6%          5
z - Blink                 Tloc           54%        N/A       2%          2

Your spell library contained the following spells:

 Spells                   Type           Power      Damage    Failure   Level
 Magic Dart               Conj           100%       1d8       1%          1
 Shock                    Conj/Air       100%       1d9       1%          1
 Sting                    Conj/Alch      100%       1d9       1%          1
 Passwall                 Erth           63%        N/A       1%          3
 Brom's Barrelling Bould  Conj/Erth      58%        2d7       1%          4
 Mephitic Cloud           Conj/Alch/Air  30%        N/A       4%          3
 Petrify                  Alch/Erth      40%        N/A       4%          4
 Swiftness                Air            27%        N/A       5%          3
 Teleport Other           Tloc           27%        N/A       5%          3
 Mercury Vapours          Alch/Air       38%        N/A       6%          2
 Flame Wave               Conj/Fire      31%        2d9       12%         4
 Call Imp                 Summ           20%        N/A       14%         2
 Airstrike                Air            13%        2d(2-18)  19%         4
 Inner Flame              Hex/Fire       10%        N/A       28%         3
 Irradiate                Conj/Alch      15%        3d16      32%         5
 Freezing Cloud           Conj/Ice/Air   15%        6-21      36%         5
 Anguish                  Hex/Necr       9%         N/A       38%         4
 Cause Fear               Hex            5%         N/A       67%         4
 Olgreb's Toxic Radiance  Alch           10%        N/A       67%         4
 Sticky Flame             Fire/Alch      10%        2d5       67%         4
 Alistair's Intoxication  Alch           6%         N/A       95%         5
 Dispersal                Tloc           13%        N/A       95%         6
 Gell's Gavotte           Tloc           13%        2d(17-25) 95%         6
 Eringya's Noxious Bog    Alch           5%         4d6       100%        6
 Enfeeble                 Hex            5%         N/A       100%        7
 Sublimation of Blood     Necr           Unusable   N/A       N/A         2

Dungeon Overview and Level Annotations

Branches:
Dungeon (13/15)            Temple (1/1) D:5            Lair (5/5) D:8
 Shoals (0/4) Lair:2        Snake (0/4) Lair:2        Slime (0/5) Lair:4
    Orc (0/2) D:10
 Vaults: D:13-14

Altars:
Ashenzari
Cheibriados
Dithmenos
Elyvilon
Fedhas
Gozag
Hepliaklqana
Kikubaaqudgha
Makhleb
Nemelex Xobeh
Okawaru
Qazlal
Ru
Sif Muna
Trog
Uskayaw
Vehumet
Wu Jian
Xom
Yredelemnul
Zin
The Shining One
Beogh

Shops:
D:1 ((*   D:3 *   D:8 [

Annotations:
D:12 exclusion: downstairs
D:13 Azrael


Innate Abilities, Weirdness & Mutations

You are immune to sickness and miasma.
Your stone body is resilient. (AC +10)
You are immune to poison.
Your large and strong wings let you fly.
You resist negative energy. (rN+)
You are resistant to electric shocks. (rElec)
You are resistant to unholy torment.
You are immune to petrification.


Message History

The hell beast is severely wounded.
The hell beast closely misses you. The hell beast tramples you!
* * * LOW HITPOINT WARNING * * *
You are shoved backwards!
Casting: Stone Arrow (safe; 1% risk of failure)
Confirm with . or Enter, or press ? or * to list all spells.
Aiming: Stone Arrow (safe; 1% risk of failure)
Press: ? - help, Shift-Dir - straight line, f/p - hell beast
Aim: a hell beast (severely wounded, 66% to hit)
The stone arrow hits the hell beast!
The hell beast is almost dead.
The hell beast bites you!
* * * LOW HITPOINT WARNING * * *
The hell beast tramples you but does no damage.
The hell beast closely misses you. The hell beast barely misses you.
Casting: Stone Arrow (safe; 1% risk of failure)
Confirm with . or Enter, or press ? or * to list all spells.
Aiming: Stone Arrow (safe; 1% risk of failure)
Press: ? - help, Shift-Dir - straight line, f/p - hell beast
Aim: a hell beast (almost dead, 66% to hit)
The stone arrow hits the hell beast!!
You kill the hell beast!
The smoke demon gestures at you. The pyre arrow hits you.
You are covered in intense liquid fire!
There is an open door here.
You shake off some of the fire as you move.
The liquid fire burns you!
* * * LOW HITPOINT WARNING * * *
You shake off some of the fire as you move.
The liquid fire burns you!
* * * LOW HITPOINT WARNING * * *
You shake off the liquid fire.
The smoke demon gestures at you. The pyre arrow hits you.
You are covered in intense liquid fire!
You shake off some of the fire as you move.
The liquid fire burns you!
You die...
Your body crumbles into a pile of gold.

4..4$..#.#..#
...#..#)ß...# ..
#...ß.#..# ♣.. #
#..#.#$..# ..♣
+...ß.ß..# ..♣
#......34#♣ ♣..♣
#########'♣♣♣♣♣
♣..♣ ♣♣♣.♣♣.♣♣
♣♣..♣ ♣.....@.♣♣
♣♣..♣
♣....♣♣♣...♣♣♣..♣
♣♣♣♣♣ ♣...♣♣♣♣
♣♣♣♣..♣.♣♣♣♣...♣♣♣
♣...
♣♣♣)..♣.......♣
..♣ ♣♣....♣♣♣♣♣♣.
. ♣♣..♣♣ ♣♣ ♣.♣♣
♣.♣ ♣♣.


There were no monsters in sight!

Vanquished Creatures
  Kirke (Lair:4)
  Harold (Lair:1)
  Erolcha (D:9)
  6 hydras
  A hell beast (Lair:5)
  A boulder beetle (D:13)
  2 catoblepae
  A two-headed ogre (D:11)
  Urug (Lair:4)
  8 death yaks
  An occultist (Lair:5)
  Sonja (D:10)
  Amaemon (D:9)
  Nergalle (Lair:2)
  A glowing orange brain (D:13)
  Pikel (D:8)
  A lindwurm (Lair:5)
  A cyclops (D:13)
  A deep elf pyromancer (D:13)
  A harpy (Lair:2)
  6 elephants
  Joseph (D:9)
  2 orange demons
  3 black mambas
  2 torpor snails
  Maggie (D:9)
  5 komodo dragons
  14 cane toads
  A kobold demonologist (D:9)
  An unseen horror (D:12)
  4 rime drakes
  3 ice devils
  2 red devils (Lair:5)
  3 hellwings (D:9)
  A hornet (D:10)
  A polar bear (Lair:3)
  5 dream sheep (Lair:2)
  17 blink frogs
  A shadow (D:13)
  A vampire (D:11)
  Sigmund (D:2)
  4 wyverns
  Eustachio (D:4)
  4 basilisks
  3 wraiths
  51 yaks
  2 fire elementals
  2 hogs (Lair:4)
  2 neqoxecs (D:9)
  2 steam dragons
  A chaos spawn (D:9)
  4 nagas
  An acid dragon (D:11)
  4 hell hounds (Lair:5)
  A sky beast (D:8)
  16 water moccasins
  9 ice beasts
  7 orc warriors
  6 wolves (Lair:1)
  5 ogres
  4 centaurs
  A phantom (D:4)
  3 lemures (D:8)
  4 kobold brigands
  19 bullfrogs
  8 scorpions
  17 killer bees
  4 howler monkeys
  5 electric eels
  2 quasits (D:8)
  2 gnoll boudas (D:8)
  3 hounds
  2 jellies
  Crazy Yiuf (D:4)
  10 orc priests
  2 iguanas
  A scrub nettle (Lair:3)
  Jessica (D:2)
  Natasha (thrice) (D:2)
  6 orc wizards
  7 adders
  12 gnolls
  A shadow imp (D:8)
  5 white imps
  An ufetubus (D:8)
  2 dart slugs
  46 orcs
  10 endoplasms
  2 giant cockroaches (D:2)
  9 goblins
  7 hobgoblins
  5 jackals
  5 quokkas
  6 ball pythons
  5 bats
  4 frilled lizards
  23 kobolds
  4 rats
485 creatures vanquished.

Vanquished Creatures (others)
  4 humans (Lair:4)
4 creatures vanquished.

Grand Total: 489 creatures vanquished

Notes
Turn   | Place    | Note
-------+----------+-------------------------------------------
     0 | D:1      | Autsider the Gargoyle Earth Elementalist began the quest
                  | for the Orb.
     0 | D:1      | Reached XP level 1. HP: 10/10 MP: 3/3
    82 | D:1      | Found Hurededo's Antique Weapon Boutique.
   222 | D:1      | Found Sucop's General Store.
   255 | D:1      | Reached skill level 4 in Earth Magic
   255 | D:1      | Reached XP level 2. HP: 15/15 MP: 0/5
   534 | D:1      | Found Cyiviqol's Antique Weapon Shop.
   859 | D:2      | Noticed Jessica
   909 | D:2      | Reached XP level 3. HP: 17/19 MP: 4/6
   909 | D:2      | Killed Jessica
   914 | D:2      | Noticed Natasha
   950 | D:2      | Killed Natasha
   951 | D:2      | Reached skill level 5 in Earth Magic
   951 | D:2      | Reached XP level 4. HP: 24/24 MP: 5/7
  1015 | D:2      | Noticed Sigmund
  1162 | D:2      | Noticed Natasha
  1167 | D:2      | Killed Natasha
  1168 | D:2      | Reached XP level 5. HP: 28/28 MP: 2/9
  1513 | D:2      | Noticed Natasha
  1521 | D:2      | Killed Natasha
  1732 | D:2      | Learned a level 3 spell: Stone Arrow
  1770 | D:2      | Killed Sigmund
  1771 | D:2      | Reached skill level 6 in Earth Magic
  1771 | D:2      | Reached XP level 6. HP: 22/32 MP: 7/11
  1827 | D:3      | Found a broken altar of Ashenzari.
  1934 | D:3      | Found Kaufy's Assorted Antiques.
  2838 | D:4      | Noticed Eustachio
  2872 | D:4      | Found a basalt altar of Yredelemnul.
  3048 | D:4      | Reached skill level 7 in Earth Magic
  3048 | D:4      | Reached XP level 7. HP: 26/36 MP: 6/12
  3149 | D:4      | Reached skill level 1 in Fighting
  3341 | D:4      | Found a runed translucent door.
  3342 | D:4      | Noticed Crazy Yiuf
  3348 | D:4      | Killed Crazy Yiuf
  3620 | D:4      | Killed Eustachio
  3621 | D:4      | Reached skill level 8 in Earth Magic
  3641 | D:4      | Reached XP level 8. HP: 44/44 MP: 1/14
  3689 | D:5      | Entered Level 5 of the Dungeon
  3784 | D:5      | Found a staircase to the Ecumenical Temple.
  3793 | Temple   | Entered the Ecumenical Temple
  3811 | Temple   | Became a worshipper of Gozag Ym Sagoz the Greedy
  3844 | D:5      | Found a blossoming altar of Fedhas.
  4306 | D:6      | Reached skill level 5 in Conjurations
  4371 | D:6      | Found a burning altar of Makhleb.
  4477 | D:6      | Reached skill level 9 in Earth Magic
  4677 | D:6      | Reached skill level 5 in Spellcasting
  4733 | D:6      | Found a stormy altar of Qazlal.
  5420 | D:6      | Found a radiant altar of Vehumet.
  5556 | D:7      | Reached XP level 9. HP: 52/52 MP: 16/16
  5647 | D:7      | Reached skill level 10 in Earth Magic
  5910 | D:7      | Found a white marble altar of Elyvilon.
  6288 | D:8      | Reached skill level 5 in Fighting
  6292 | D:8      | Reached skill level 11 in Earth Magic
  6368 | D:8      | Found a staircase to the Lair.
  6373 | D:8      | Reached XP level 10. HP: 47/60 MP: 19/19
  6506 | D:8      | Reached skill level 12 in Earth Magic
  6546 | D:8      | Noticed Pikel
  6564 | D:8      | Killed Pikel
  6894 | D:8      | Found a glowing golden altar of the Shining One.
  7036 | D:8      | Found Caapetimi's Armour Shoppe.
  7046 | D:8      | Bought +1 acid dragon scales for 470 gold pieces
  7046 | D:8      | Bought a +2 pair of gloves for 165 gold pieces
  7130 | D:8      | Found a hazy altar of Hepliaklqana.
  7272 | D:8      | Found a shimmering blue altar of Sif Muna.
  7334 | D:9      | Found an ornate altar of the Wu Jian Council.
  7341 | D:9      | Found an ancient bone altar of Kikubaaqudgha.
  7341 | D:9      | Found a sacrificial altar of Ru.
  7341 | D:9      | Found an iron altar of Okawaru.
  7342 | D:9      | Found a glowing silver altar of Zin.
  7479 | D:9      | Noticed Erolcha
  7513 | D:9      | Killed Erolcha
  7514 | D:9      | Reached skill level 1 in Armour
  7514 | D:9      | Reached skill level 13 in Earth Magic
  7610 | D:9      | Noticed Joseph
  7617 | D:9      | Killed Joseph
  7692 | D:9      | Noticed an orange demon
  7693 | D:9      | Noticed Amaemon
  7709 | D:9      | Killed an orange demon
  7710 | D:9      | Reached XP level 11. HP: 68/68 MP: 11/21
  7739 | D:9      | Killed Amaemon
  7852 | D:9      | Noticed Maggie
  7857 | D:9      | Killed Maggie
  7858 | D:9      | Reached skill level 14 in Earth Magic
  8159 | D:9      | Reached skill level 1 in Maces & Flails
  8682 | D:10     | Entered Level 10 of the Dungeon
  8703 | D:10     | Noticed Sonja
  8710 | D:10     | Killed Sonja
  8711 | D:10     | Reached skill level 5 in Armour
  9045 | D:10     | Found a roughly hewn altar of Beogh.
  9103 | D:10     | Found a staircase to the Orcish Mines.
  9360 | D:10     | Learned a level 2 spell: Blink
  9614 | D:11     | Noticed a sea snake
  9784 | D:11     | Reached XP level 12. HP: 76/76 MP: 11/22
  9794 | D:11     | Reached skill level 1 in Translocations
  9955 | D:11     | Noticed a two-headed ogre
  9964 | D:11     | Killed a two-headed ogre
 10178 | D:12     | Identified a scroll of acquirement
 10178 | D:12     | Acquired the ring "Ecseda Acze" {rElec Will+}
 10214 | D:12     | Identified the +2 short sword "Leathrec" {heavy, Int+3
                  | SInv}
 10368 | D:12     | Reached skill level 5 in Maces & Flails
 10593 | D:12     | Reached skill level 10 in Fighting
 10646 | D:12     | Found a roughly hewn altar of Beogh.
 11048 | D:13     | Noticed Azrael
 11205 | D:13     | Noticed a boulder beetle
 11221 | D:13     | Killed a boulder beetle
 11667 | Lair:1   | Entered Level 1 of the Lair of Beasts
 11744 | Lair:1   | Noticed Harold
 11757 | Lair:1   | Killed Harold
 12103 | Lair:1   | Identified the +2 robe "Pidaor" {rElec Will+ Dex+4}
 12714 | Lair:1   | HP: 1/77 [black mamba (6)]
 12964 | Lair:2   | Reached skill level 10 in Conjurations
 12964 | Lair:2   | Reached XP level 13. HP: 82/82 MP: 10/25
 13279 | Lair:2   | Found a dark tunnel.
 13315 | Lair:2   | Found a staircase to the Snake Pit.
 13495 | Lair:2   | Found a hazy altar of Hepliaklqana.
 13889 | Lair:2   | Found a staircase to the Shoals.
 14169 | Lair:3   | Noticed Nergalle
 14278 | Lair:2   | Killed Nergalle
 14279 | Lair:2   | Reached skill level 1 in Air Magic
 14473 | Lair:3   | Noticed Urug
 14760 | Lair:4   | Noticed Kirke
 15206 | Lair:4   | Noticed a sphinx
 15206 | Lair:4   | Killed Kirke
 15272 | Lair:4   | Reached skill level 10 in Spellcasting
 15563 | Lair:4   | Reached skill level 10 in Maces & Flails
 15581 | Lair:4   | Learned a level 5 spell: Borgnjor's Vile Clutch
 15614 | Lair:4   | Killed Urug
 15615 | Lair:4   | Gained mutation: Your large and strong wings let you fly.
                  | [Gargoyle growth]
 15615 | Lair:4   | Reached XP level 14. HP: 67/88 MP: 15/28
 15743 | Lair:4   | Found a staircase to the Slime Pits.
 15806 | Lair:4   | Reached skill level 1 in Necromancy
 17034 | Lair:5   | Entered Level 5 of the Lair of Beasts
 18096 | Lair:5   | Reached skill level 1 in Evocations
 18110 | Lair:5   | Reached skill level 1 in Shields
 18487 | Lair:5   | Found a burning altar of Makhleb.
 18558 | Lair:5   | Incinerated by a smoke demon

Illustrated notes

Levels and vault maps discovered:
D:1:      sevenhm_arrival_forest_fort_small_6, layout_basic, serial_shops, shop,
          shop, shop
D:2:      layout_loops_cross, uniq_jessica, uniq_sigmund, uniq_natasha
D:3:      layout_basic, evilmike_ruin_ashenzari, serial_shops, shop
D:4:      layout_rooms, mainiacjoe_overflow_alcove_1, small_statue_alley_b,
          minmay_misc_feat_x, kennysheep_small_spiral, minmay_gold_behind_fungi,
          hangedman_decor_slide_cut, minmay_quadrilaterals, uniq_eustachio,
          uniq_crazy_yiuf_cottage
D:5:      layout_rooms, mainiacjoe_overflow_small_starburst,
          minmay_temple_entry_sparse_star, nicolae_letterblocks
          [nicolae_letter_subblock, nicolae_letter_subblock,
          nicolae_letter_subblock, nicolae_letter_subblock,
          nicolae_letter_subblock, nicolae_letter_subblock,
          nicolae_letter_subblock, nicolae_letter_subblock,
          nicolae_letter_subblock, nicolae_letter_subblock,
          nicolae_letter_subblock, nicolae_letter_subblock,
          nicolae_letter_subblock, nicolae_letter_subblock,
          nicolae_letter_subblock, nicolae_letter_subblock,
          nicolae_letter_subblock, nicolae_letter_subblock,
          nicolae_letter_subblock, nicolae_letter_subblock,
          nicolae_letter_subblock, nicolae_letter_subblock,
          nicolae_letter_subblock, nicolae_letter_subblock,
          nicolae_letter_subblock]
D:6:      layout_layer_cave, kennysheep_mini, nicolae_qazlal_general_emergency,
          marbit_many_paths, grunt_ministairs_8
D:7:      layout_loops_ring, lemuel_round_altar
D:8:      layout_basic, led_sif_book, worldfamousw_hep_ancestral_shrine,
          amcnicky_altar_gilded, due_lair_maze_entry_diamond, serial_shops,
          nicolae_shop_gibbet_a_chance, serial_demonic, serial_demonic_f,
          serial_demonic_d, serial_demonic_a, serial_demonic_d, uniq_pikel
D:9:      layout_gridville, grunt_temple_overflow_open,
          chequers_serial_rivers_room_a, nicolae_neqoxec_dot_bat, uniq_erolcha,
          uniq_maggie, uniq_amaemon, uniq_joseph
D:10:     layout_roguey, david_orc_5, uniq_sonja
D:11:     layout_rooms, serial_aquarium, aquarium_bridge_long_joined
          [aquarium_subvault_wall, aquarium_subvault_balcony,
          aquarium_subvault_window, aquarium_subvault_bridge,
          aquarium_subvault_wall, aquarium_subvault_bridge],
          aquarium_window_corridor_1, aquarium_window_2, aquarium_view_2d,
          aquarium_view_4, aquarium_balcony_3a, nzn_life_drinkers
D:12:     minmay_twisted_water, layout_basic, special_room [special_room_orc]
D:13:     layout_rooms, hellmonk_vaults_order_and_chaos, serial_shops,
          nicolae_shop_back_alley_shop, uniq_jorgrun, uniq_azrael
Temple:   hellmonk_temple_of_storms
Lair:1:   layout_gridlike, beast_lair_carwin_11, uniq_harold
Lair:2:   layout_cave_pods, mainiacjoe_shoals_entry_four_pools,
          minmay_snake_entry_guardpost_small, nicolae_volcano_entry_lava_flow,
          basic_altar
Lair:3:   layout_misc_corridors, serial_bayou_pond_c, evilmike_ambush
          [evilmike_ambush_outer_basic, evilmike_ambush_inner_basic],
          infiniplex_staircase_pool_2, uniq_urug, uniq_nergalle
Lair:4:   layout_loops_ring, slime_entry_1, wad_woods_road_02, st_stairs_6,
          chequers_serial_rivers_small_b, infiniplex_staircase_pool, uniq_kirke
Lair:5:   evil_forest, layout_hall_layers, chequers_serial_rivers_micro_a,
          disabler_island

Skill      XL: |  1  2  3  4  5  6  7  8  9 10 11 12 13 14 |
---------------+-------------------------------------------+-----
Earth Magic    | 4 5 6 7 8 9 11 13 14 | 14.3
Conjurations   | 2 3 4 5 6 7 10 | 10.0
Spellcasting   | 3 4 5 6 7 8 10 | 10.2
Fighting       | 2 4 5 7 9 10 | 10.0
Armour         | 3 5 |  5.0
Maces & Flails | 4 7 10 12 | 12.0
Translocations | 4 |  4.0
Air Magic      | 4 |  4.0
Necromancy     | 4 |  4.0
Evocations     | 2 |  2.9
Shields        | 2 |  2.3
Dodging        | 2 |  2.5
Stealth        | |  2.1

Action                     |  1- 3 |  4- 6 |  7- 9 | 10-12 | 13-15 || total
---------------------------+-------+-------+-------+-------+-------++-------
  Melee: Unarmed           |    22 |    20 |       |       |       ||    42
         Whip              |       |       |       |     1 |       ||     1
         Demon whip        |       |       |       |    30 |   253 ||   283
  Throw: Dart              |       |     4 |       |       |       ||     4
   Cast: Sandblast         |    30 |    91 |   108 |   251 |   207 ||   687
         Stone Arrow       |       |       |    35 |   182 |   172 ||   389
         Blink             |       |       |       |       |     5 ||     5
         Borgnjor's Vile C |       |       |       |       |    35 ||    35
    Use: Scroll            |       |       |    14 |     6 |    10 ||    30
         Potion            |       |       |       |     1 |     2 ||     3
   Stab: Distracted        |       |       |       |       |     1 ||     1
 Armour: Robe              |    16 |    60 |    40 |    16 |       ||   132
         Acid dragon scale |       |       |       |   243 |   451 ||   694
         Leather armour    |       |       |       |     3 |       ||     3
  Dodge: Dodged            |    22 |    44 |    52 |   275 |   412 ||   805
         Repelled          |       |       |       |       |     7 ||     7

Table legend: (Time is in decaauts)
 A = Elapsed time spent in this place.
 B = Non-inter-level travel time spent in this place.
 C = Inter-level travel time spent in this place.
 D = Time resting spent in this place.
 E = Time spent auto-exploring this place.
 F = Levels seen in this place.
 G = Mean time per level.
                   A        B        C        D        E       F      G
               +--------+--------+--------+--------+--------+-----+--------+
         Total |  18865 |  17874 |    991 |   3617 |  10196 |  19 |  992.9 |
       Dungeon |  11871 |  11268 |    603 |   1172 |   7741 |  13 |  913.2 |
        Temple |     36 |     18 |     18 |      0 |      0 |   1 |   36.0 |
          Lair |   6956 |   6586 |    370 |   2445 |   2454 |   5 | 1391.2 |
               +--------+--------+--------+--------+--------+-----+--------+

Top non-repeatable levels by time:
  Lair:4: 2295 daAuts
  Lair:1: 1495 daAuts
     D:9: 1391 daAuts
  Lair:2: 1313 daAuts
     D:8: 1230 daAuts
     D:6: 1225 daAuts
    D:12: 1118 daAuts
     D:2: 1056 daAuts
    D:10: 979 daAuts
  Lair:5: 953 daAuts
     D:4: 936 daAuts
     D:3: 898 daAuts
  Lair:3: 897 daAuts
     D:1: 868 daAuts
     D:7: 685 daAuts
